 Dungeon Crawl Stone Soup version 0.29.1-1-gd02db69 (webtiles) character file.

Game seed: 6244158140791248317

93903 Timinator the Black Belt (level 15, -3/128 HPs)
             Began as a Demigod Transmuter on Jan 15, 2023.
             Slain by a spriggan rider
             ... wielding a +0 spear
             ... led by a spriggan druid
              (13 damage)
             ... on level 3 of the Swamp.
             The game lasted 01:53:39 (32653 turns).

Timinator the Black Belt (Demigod Transmuter)      Turns: 32653, Time: 01:53:39

Health: -3/128     AC: 16    Str: 19    XL:     15   Next: 19%
Magic:  26/26      EV: 24    Int: 15    God:
Gold:   172        SH:  5    Dex: 26    Spells: 1/24 levels left

rFire   + . .      SeeInvis .     - Unarmed
rCold   . . .      Faith    .   (shield currently unavailable)
rNeg    . . .      Spirit   .   h - +8 ring mail of the Good {+Blink rF+}
rPois   +          Reflect  +   I - +2 hat {Will+}
rElec   .          Harm     .   J - +0 cloak
rCorr   .          Rampage  .   (gloves currently unavailable)
Will    +++..                   (no boots)
Stlth   +.........              K - amulet of reflection
HPRegen 0.31/turn               G - ring of willpower
MPRegen 0.20/turn               q - +4 ring of evasion

@: blade hands
A: high MP 1, forlorn, divine attributes, talons 1, poison resistance
a: End Transformation, Evoke Blink


You were on level 3 of the Swamp.
You had blades for hands.
You visited 4 branches of the dungeon, and saw 22 of its levels.

You collected 1990 gold pieces.
You spent 1818 gold pieces at shops.

Inventory:

Missiles
 b - 3 curare-tipped darts
 c - 13 poisoned darts (quivered)
 n - 3 atropa-tipped darts
 o - 2 silver javelins
 Q - 2 throwing nets
Armour
 h - the +8 ring mail of the Good (worn) {+Blink rF+}
   (You found it on level 4 of the Dungeon)

   rF:        It protects you from fire.
   +Blink:    It lets you blink.
 I - a +2 hat of willpower (worn)
 J - a +0 cloak (worn)
 N - a +2 pair of gloves of dexterity (melded)
Jewellery
 q - a +4 ring of evasion (right blade hand)
 u - a +4 ring of evasion
 x - a +4 ring of protection
 G - a ring of willpower (left blade hand)
 K - an amulet of reflection (around neck)
 R - a ring of protection from cold
Wands
 a - a wand of charming (6)
 e - a wand of acid (6)
 M - a wand of digging (7)
Scrolls
 f - a scroll of fear
 g - 4 scrolls of vulnerability
 l - 7 scrolls of teleportation
 m - 8 scrolls of immolation
 s - a scroll of summoning
 t - 4 scrolls of magic mapping
 w - 3 scrolls of poison
 y - 2 scrolls of enchant armour
 z - 5 scrolls of butterflies
 A - 2 scrolls of identify
 C - 5 scrolls of enchant weapon
 H - 3 scrolls of blinking
 P - a scroll of amnesia {unknown}
Potions
 d - a potion of haste
 j - 2 potions of brilliance
 k - 5 potions of resistance
 p - 2 potions of attraction
 r - 3 potions of cancellation
 v - a potion of flight
 D - a potion of ambrosia
 E - 10 potions of curing
 F - a potion of mutation
 L - 3 potions of invisibility
 O - 6 potions of lignification


   Skills:
 + Level 10.8 Fighting
 - Level 6.0 Throwing
 - Level 3.0 Armour
 + Level 11.0 Dodging
 * Level 15.3 Unarmed Combat
 - Level 5.0 Spellcasting
 + Level 12.2 Transmutations
 + Level 3.8 Ice Magic
 - Level 2.5 Earth Magic


You had one spell level left.
You knew the following spells:

 Your Spells              Type           Power      Damage    Failure   Level
a - Blade Hands           Tmut           20%        N/A       32%         5
b - Wereblood             Tmut           40%        N/A       10%         2
c - Ice Form              Ice/Tmut       27%        N/A       45%         4
d - Ozocubu's Armour      Ice            15%        N/A       58%         3
e - Statue Form           Tmut/Erth      16%        N/A       99%         6
f - Beastly Appendage     Tmut           80%        N/A       9%          1
g - Passwall              Tmut/Erth      20%        N/A       21%         2

Your spell library contained the following spells:

 Spells                   Type           Power      Damage    Failure   Level
 Apportation              Tloc           6%         N/A       69%         1
 Necrotise                Necr           12%        1d4       69%         1
 Spider Form              Tmut/Pois      22%        N/A       38%         3
 Ignite Poison            Fire/Tmut/Pois 16%        N/A       56%         3
 Ensorcelled Hibernation  Hex/Ice        18%        N/A       61%         2
 Static Discharge         Conj/Air       3%         3-4/arc   80%         2
 Sublimation of Blood     Necr           3%         N/A       80%         2
 Alistair's Intoxication  Tmut/Pois      14%        N/A       88%         5
 Call Canine Familiar     Summ           3%         N/A       93%         3
 Dazzling Flash           Conj/Hex       6%         N/A       93%         3
 Mephitic Cloud           Conj/Pois/Air  3%         N/A       93%         3
 Portal Projectile        Hex/Tloc       6%         N/A       93%         3
 Swiftness                Air            3%         N/A       93%         3
 Tukima's Dance           Hex            3%         N/A       93%         3
 Vampiric Draining        Necr           3%         2d6       93%         3
 Dragon Form              Tmut           20%        N/A       98%         7
 Airstrike                Air            1%         2d(1-17)  99%         4
 Cause Fear               Hex            1%         N/A       99%         4
 Dispel Undead            Necr           3%         3d7       99%         4
 Leda's Liquefaction      Hex/Erth       3%         N/A       99%         4
 Sticky Flame             Conj/Fire      3%         2d3       99%         4
 Summon Lightning Spire   Summ/Air       3%         N/A       99%         4
 Lee's Rapid Deconstruct  Erth           5%         3d7*      99%         5
 Agony                    Necr           3%         N/A       100%        5
 Borgnjor's Vile Clutch   Necr/Erth      3%         N/A       100%        5
 Freezing Cloud           Conj/Ice/Air   3%         6-21      100%        5
 Lightning Bolt           Conj/Air       1%         1d12      100%        5
 Metabolic Englaciation   Hex/Ice        4%         N/A       100%        5
 Silence                  Hex/Air        1%         N/A       100%        5
 Eringya's Noxious Bog    Tmut/Pois      11%        N/A       100%        6
 Simulacrum               Ice/Necr       4%         N/A       100%        6
 Summon Hydra             Summ           1%         N/A       100%        7
 Dragon's Call            Summ           1%         N/A       100%        9


Dungeon Overview and Level Annotations

Branches:
Dungeon (12/15)            Temple (0/1) D:7            Lair (5/5) D:9
  Swamp (3/4) Lair:2        Snake (0/4) Lair:2        Slime (0/5) Lair:4
    Orc (2/2) D:11            Elf (0/3) Orc:2

Shops:
D:7 :   D:12 !   Orc:2 *:!*=

Portals:
Hell: Lair:5

Annotations:
D:5 2 transporters, zxspectator's ghost, amateur GrFi


Innate Abilities, Weirdness & Mutations

You have blades for hands.
Your spellcasting is less reliable in this form.
You are incapable of wielding weapons or throwing items.
You have an increased reservoir of magic. (+10% MP)
You shall have no god before yourself.
Your divine heritage dramatically boosts your attributes as you level up.
You have sharp toenails.
Your system is resistant to poisons. (rPois)


Message History

The spriggan rider completely misses you.
The spriggan rider closely misses you.
You see here a bunyip corpse.
You barely miss the spriggan rider.
You claw the spriggan rider, but do no damage.
You miss the spriggan rider. Your kick misses the spriggan rider.
The spriggan rider hits you with a +0 spear.
* * * LOW HITPOINT WARNING * * *
You closely miss the spriggan rider. Your kick misses the spriggan rider.
The spriggan rider hits you with a +0 spear!!
* * * LOW HITPOINT WARNING * * *
Okay, then.
As you read the scroll of fear, it crumbles to dust.
You assume a fearsome visage.
The spriggan rider looks frightened!
The tyrant leech resists with some effort.
You enter the shallow water.
Moving in this stuff is going to be slow.
You hear the steady crackling of a melting archway very nearby.
The tyrant leech attacks as you move away!
The tyrant leech closely misses you. x2
You hit the tyrant leech. You claw the tyrant leech.
The tyrant leech is lightly wounded.
The tyrant leech completely misses you.
You barely miss the tyrant leech. Your kick misses the tyrant leech.
The tyrant leech is lightly wounded.
You closely miss the tyrant leech. Your kick misses the tyrant leech.
The tyrant leech is lightly wounded.
The tyrant leech bites you.
* * * LOW HITPOINT WARNING * * *
The tyrant leech draws strength from your injuries!
You slice the tyrant leech!! Your kick misses the tyrant leech.
The tyrant leech is heavily wounded.
You barely miss the tyrant leech.
The tyrant leech is heavily wounded.
The spriggan rider hits you but does no damage.
The tyrant leech completely misses you.
You slice the tyrant leech!! You claw the tyrant leech.
You kill the tyrant leech!
The spriggan rider hits you from afar with a +0 spear!
You die...

**,** ♣.~~♣
**~,** *~,*
♣..♣♣ **~~~*
**,** ♣†.♣
*,,,,** ♣~**
♣..♣ *,,,,,*
*♣~♣* ♣♣..♣
***,*,,,**
*~~.♣* ♣...♣
*,,,,,,,,**
**.~~~♣♣* ♣♣.~♣
*,*,∩,*,~,* *
*,~.~.~.♣♣♣♣.~♣
**,,,,,,,,** *
*,~~~.~~~~...@♣
*,,,,*,,,,,* *
**~~~~.~...~~♣~♣
**~~,,,~,,** *
*,~~♣~.~♣♣=~♣~i♣
**~,~,,,~~* *
*,~w~§.**♣♣.~~.♣
**,~~,*,,~***
**~~.~,,* ♣♣.♣.♣
*~~.♣**,~,,**
*,>~~~,** ♣.~†♣
*,..♣ *,~~~**
**,~~~,* ♣♣~.♣
*...♣ **,~,*,
**~~,**
♣.♣†♣♣**~~♣*
*~~,*, *,~**
♣♣~~.♣*§~~♣
*,~~*,


You could see a spriggan rider.

Vanquished Creatures
  Rupert (D:11)
  Gastronok (D:8)
  An eleionoma (Swamp:1)
  A dire elephant (Lair:5)
  5 bunyips
  Snorg (Lair:5)
  An ettin (Orc:1)
  Harold (Lair:1)
  5 boulder beetles
  Fannar (Lair:1)
  12 hydras
  Erolcha (Orc:1)
  Erica (D:8)
  A catoblepas (Lair:5)
  A ghost crab (Swamp:3)
  3 two-headed ogres
  2 centaur warriors
  4 alligators
  5 death yaks (Lair:1)
  A spriggan berserker (Swamp:2)
  2 orc high priests
  Sonja (D:12)
  Amaemon (Lair:1)
  3 goliath frogs
  A sixfirhy (Lair:5)
  A spriggan druid (Swamp:1)
  A swamp dragon (Swamp:2)
  2 bog bodies
  A wizard (Lair:5)
  2 orc knights
  An orc sorcerer (Orc:2)
  A will-o-the-wisp (Swamp:2)
  An oklob plant (Lair:4)
  A cyclops (D:12)
  20 elephants
  10 black mambas
  A torpor snail (Lair:5)
  17 cane toads
  3 orange demons
  A gargoyle (D:12)
  An unseen horror (D:12)
  6 rime drakes
  10 komodo dragons
  3 ice devils (Lair:5)
  A red devil (Lair:5)
  A hellwing (Lair:5)
  8 trolls
  8 tyrant leeches
  2 hornets (D:9)
  2 polar bears
  9 blink frogs
  Grinder (D:5)
  10 slime creatures
  3 dream sheep (Lair:5)
  2 spriggans (Swamp:1)
  A vampire (D:12)
  5 wyverns
  39 yaks
  A steam dragon (D:6)
  2 wraiths
  3 basilisks
  11 vampire mosquitoes
  An acid dragon (D:12)
  14 water moccasins
  10 swamp worms
  3 hell hounds (Lair:5)
  3 swamp drakes
  38 orc warriors
  A sky beast (D:6)
  3 black bears
  26 wolves
  4 ogres
  23 centaurs
  A phantom (D:6)
  12 bullfrogs
  2 kobold brigands
  A gnoll sergeant (D:10)
  2 necrophages
  2 scorpions
  5 wights (D:9)
  8 killer bees
  2 howler monkeys
  An electric eel (Lair:3)
  2 hounds
  4 jellies
  17 orc priests
  A gnoll bouda (Orc:1)
  3 iguanas
  12 orc wizards
  6 hell rats (Lair:3)
  10 gnolls
  6 adders
  2 white imps
  A worm (D:2)
  11 dart slugs
  58 orcs
  5 endoplasms
  4 giant cockroaches
  5 hobgoblins
  7 kobolds
  7 ball pythons
  4 bats
  13 goblins
  7 rats
596 creatures vanquished.

Vanquished Creatures (others)
  A spriggan druid (Swamp:3)
  An unseen horror (D:11)
  2 bloated husks (Swamp:1)
  A spriggan (Swamp:3)
  2 orcs (Orc:2)
  10 foxfires (Swamp:2)
  26 fungi
  112 plants
155 creatures vanquished.

Grand Total: 751 creatures vanquished

Notes
Turn   | Place    | Note
-------+----------+-------------------------------------------
     0 | D:1      | Timinator the Demigod Transmuter began the quest for the
                  | Orb.
     0 | D:1      | Reached XP level 1. HP: 15/15 MP: 5/5
   178 | D:1      | Reached skill level 1 in Fighting
   422 | D:1      | Reached XP level 2. HP: 23/23 MP: 7/7
   676 | D:1      | Reached skill level 3 in Unarmed Combat
  1769 | D:2      | Reached XP level 3. HP: 20/28 MP: 6/8
  2784 | D:3      | Reached XP level 4. HP: 28/35 MP: 10/10
  2989 | D:3      | Learned a level 2 spell: Wereblood
  2994 | D:3      | Learned a level 4 spell: Ice Form
  3042 | D:3      | Reached skill level 1 in Armour
  3689 | D:4      | Noticed a black bear
  3695 | D:4      | Killed a black bear
  3696 | D:4      | Reached XP level 5. HP: 41/41 MP: 12/12
  3975 | D:4      | Gained mutation: You possess an exceptional clarity of
                  | mind. [potion of mutation]
  3975 | D:4      | Gained mutation: You have a somewhat thin skeletal
                  | structure. (Dex +2, Stealth+) [potion of mutation]
  3994 | D:4      | Reached skill level 4 in Unarmed Combat
  4379 | D:4      | Identified the +8 ring mail of the Good {+Blink rF+}
  4410 | D:4      | Reached XP level 6. HP: 36/48 MP: 13/13
  4933 | D:5      | Entered Level 5 of the Dungeon
  4933 | D:5      | Found a transporter.
  5213 | D:5      | Noticed Grinder
  5231 | D:5      | Killed Grinder
  5232 | D:5      | Reached skill level 5 in Unarmed Combat
  5232 | D:5      | Reached XP level 7. HP: 35/56 MP: 14/14
  5475 | D:5      | Found a transporter.
  5489 | D:5      | Noticed zxspectator's ghost (amateur GrFi)
  6440 | D:6      | Reached XP level 8. HP: 54/63 MP: 15/15
  6527 | D:6      | Reached skill level 1 in Throwing
  6527 | D:6      | Reached skill level 6 in Unarmed Combat
  7261 | D:7      | Found Zamorchya's Book Shop.
  7394 | D:7      | Found a staircase to the Ecumenical Temple.
  7541 | D:7      | Noticed a boulder beetle
  7756 | D:8      | Noticed Gastronok
  7759 | D:8      | Reached skill level 7 in Unarmed Combat
  8026 | D:7      | Killed a boulder beetle
  8027 | D:7      | Reached skill level 5 in Transmutations
  8027 | D:7      | Reached XP level 9. HP: 27/72 MP: 16/16
  8333 | D:7      | Reached skill level 5 in Dodging
  8639 | D:8      | Killed Gastronok
  8640 | D:8      | Reached skill level 5 in Fighting
  8640 | D:8      | Reached skill level 8 in Unarmed Combat
  8640 | D:8      | Reached skill level 1 in Ice Magic
  8873 | D:8      | Noticed Erica
  9143 | D:8      | Killed Erica
  9144 | D:8      | Reached XP level 10. HP: 52/81 MP: 17/17
  9313 | D:9      | Noticed an elephant
  9327 | D:9      | HP: 4/81 [orc priest/divine providence (13)]
 10037 | D:9      | Noticed an elephant
 10065 | D:9      | Killed an elephant
 10203 | D:9      | Noticed an elephant
 10226 | D:9      | Killed an elephant
 10248 | D:9      | Reached skill level 9 in Unarmed Combat
 10277 | D:9      | Killed an elephant
 10398 | D:9      | Learned a level 2 spell: Passwall
 10408 | D:9      | Paralysed by a hornet for 1 turns
 10536 | D:9      | Found a staircase to the Lair.
 10861 | D:9      | Noticed an elephant
 10881 | D:9      | Killed an elephant
 11272 | D:10     | Entered Level 10 of the Dungeon
 11299 | D:10     | Noticed a two-headed ogre
 11317 | D:10     | Killed a two-headed ogre
 11636 | D:10     | Reached XP level 11. HP: 91/91 MP: 19/19
 12321 | D:10     | Reached skill level 10 in Unarmed Combat
 12437 | D:11     | Noticed a centaur warrior
 12694 | D:10     | Killed a centaur warrior
 13014 | D:11     | Noticed a five-headed hydra
 13053 | D:11     | Learned a level 5 spell: Blade Hands
 13090 | D:11     | Killed a five-headed hydra
 13562 | D:11     | Found a staircase to the Orcish Mines.
 14604 | Lair:1   | Entered Level 1 of the Lair of Beasts
 14627 | Lair:1   | Noticed Harold
 14646 | Lair:1   | Killed Harold
 14652 | Lair:1   | Noticed an eight-headed hydra
 14911 | Lair:1   | Noticed Fannar
 14931 | Lair:1   | Killed Fannar
 14931 | Lair:1   | Gained mutation: You are clumsy. (Dex -2) [mutagenic glow]
 15359 | D:9      | Lost mutation: You are clumsy. (Dex -2) [potion of
                  | mutation]
 15359 | D:9      | Lost mutation: You possess an exceptional clarity of mind.
                  | [potion of mutation]
 15359 | D:9      | Gained mutation: You have a pair of small horns on your
                  | head. [potion of mutation]
 15359 | D:9      | Gained mutation: You do not regenerate when monsters are
                  | visible. [potion of mutation]
 15359 | D:9      | Gained mutation: You have a beak for a mouth. [potion of
                  | mutation]
 15360 | D:9      | Lost mutation: You have a pair of small horns on your head.
                  | [potion of mutation]
 15360 | D:9      | Lost mutation: You have a somewhat thin skeletal structure.
                  | (Dex +2, Stealth+) [potion of mutation]
 15360 | D:9      | Lost mutation: You do not regenerate when monsters are
                  | visible. [potion of mutation]
 15360 | D:9      | Gained mutation: You are agile. (Dex +4, Str/Int -1)
                  | [potion of mutation]
 15361 | D:9      | Lost mutation: You have a beak for a mouth. [potion of
                  | mutation]
 15361 | D:9      | Lost mutation: You are agile. (Dex +4, Str/Int -1) [potion
                  | of mutation]
 15361 | D:9      | Gained mutation: You have sharp toenails. [potion of
                  | mutation]
 15361 | D:9      | Gained mutation: Your system is resistant to poisons.
                  | (rPois) [potion of mutation]
 15440 | Lair:1   | Noticed a death yak
 15444 | Lair:1   | Noticed a death yak
 15444 | Lair:1   | Noticed a death yak
 15456 | Lair:1   | Noticed a death yak
 15460 | Lair:1   | Noticed a death yak
 15461 | Lair:1   | Killed a death yak
 15462 | Lair:1   | Reached skill level 11 in Unarmed Combat
 15463 | Lair:1   | Killed a death yak
 15464 | Lair:1   | Reached skill level 5 in Throwing
 15468 | Lair:1   | Killed a death yak
 15469 | Lair:1   | Reached XP level 12. HP: 87/100 MP: 17/20
 15821 | Lair:1   | Noticed Amaemon
 15833 | Lair:1   | Killed Amaemon
 16135 | Lair:1   | Killed an eight-headed hydra
 16749 | Lair:2   | Found a staircase to the Snake Pit.
 17350 | Lair:2   | You fall into a shaft and drop 2 floors!
 17615 | Lair:3   | Reached skill level 12 in Unarmed Combat
 17943 | Lair:2   | Noticed a seven-headed hydra
 17947 | Lair:2   | Noticed a seven-headed hydra
 17957 | Lair:2   | Killed a seven-headed hydra
 17958 | Lair:2   | Reached skill level 10 in Transmutations
 17958 | Lair:2   | HP: 5/122 [seven-headed hydra (10)]
 18742 | Lair:2   | Killed a seven-headed hydra
 18914 | Lair:2   | Found a staircase to the Swamp.
 19281 | Lair:3   | Noticed a boulder beetle
 19283 | Lair:3   | Noticed a five-headed hydra
 19290 | Lair:3   | Killed a boulder beetle
 19295 | Lair:3   | Killed a five-headed hydra
 19301 | Lair:3   | Reached XP level 13. HP: 74/108 MP: 17/22
 21037 | Lair:4   | Found a staircase to the Slime Pits.
 21944 | Lair:5   | Entered Level 5 of the Lair of Beasts
 22080 | Lair:5   | Reached skill level 13 in Unarmed Combat
 22085 | Lair:5   | Reached skill level 5 in Spellcasting
 22256 | Lair:5   | Noticed Snorg
 22266 | Lair:5   | Killed Snorg
 22562 | Lair:5   | Identified the +8 quarterstaff of the Middle {drain, Str+3
                  | Int-4 Dex+8}
 23142 | Lair:5   | Reached XP level 14. HP: 77/118 MP: 19/25
 24164 | Lair:5   | Found a gateway to Hell.
 24457 | Orc:1    | Entered Level 1 of the Orcish Mines
 24475 | Orc:1    | Reached skill level 10 in Dodging
 24475 | Orc:1    | Reached skill level 14 in Unarmed Combat
 25202 | Orc:2    | Entered Level 2 of the Orcish Mines
 25223 | Orc:2    | Noticed Erolcha
 25728 | Orc:1    | Reached skill level 10 in Fighting
 26842 | Orc:1    | Killed Erolcha
 27389 | Orc:2    | Found Cighec's Jewellery Shoppe.
 27675 | Orc:2    | Found a staircase to the Elven Halls.
 28212 | Orc:2    | Found Hustusm's Book Emporium.
 28212 | Orc:2    | Found Udwifymu's Distillery.
 28214 | Orc:2    | Found Eguiloal's Assorted Antiques.
 28216 | Orc:2    | Found Fighab's General Store.
 28228 | Orc:2    | Bought a +2 pair of gloves of dexterity for 236 gold pieces
 28228 | Orc:2    | Bought 2 potions of lignification for 66 gold pieces
 28245 | Orc:2    | Bought a potion of curing for 39 gold pieces
 28245 | Orc:2    | Bought a potion of cancellation for 104 gold pieces
 28245 | Orc:2    | Bought a potion of resistance for 130 gold pieces
 28245 | Orc:2    | Bought a potion of lignification for 39 gold pieces
 28245 | Orc:2    | Bought a potion of lignification for 39 gold pieces
 28245 | Orc:2    | Bought 2 potions of heal wounds for 130 gold pieces
 28245 | Orc:2    | Bought a potion of invisibility for 104 gold pieces
 28245 | Orc:2    | Bought a potion of heal wounds for 65 gold pieces
 28245 | Orc:2    | Bought a potion of curing for 39 gold pieces
 28247 | Orc:2    | Bought a scroll of teleportation for 51 gold pieces
 28500 | D:7      | Bought a book of the Earth for 504 gold pieces
 28800 | D:12     | Reached skill level 1 in Earth Magic
 28863 | D:12     | Noticed Rupert
 29253 | D:11     | Killed Rupert
 29527 | D:12     | Noticed Sonja
 29532 | D:12     | Killed Sonja
 29826 | D:12     | Learned a level 6 spell: Statue Form
 29844 | D:12     | Found Raheh's Distillery.
 29852 | D:12     | Bought a potion of lignification for 48 gold pieces
 29852 | D:12     | Bought a potion of curing for 48 gold pieces
 29852 | D:12     | Bought a potion of berserk rage for 80 gold pieces
 29852 | D:12     | Bought a potion of curing for 48 gold pieces
 29852 | D:12     | Bought a potion of lignification for 48 gold pieces
 30335 | Swamp:1  | Entered Level 1 of the Swamp
 31802 | Swamp:2  | Reached skill level 15 in Unarmed Combat
 31976 | Swamp:2  | Learned a level 3 spell: Ozocubu's Armour
 32025 | Swamp:2  | Reached XP level 15. HP: 112/128 MP: 20/26
 32653 | Swamp:3  | Slain by a spriggan rider

Illustrated notes

Levels and vault maps discovered:
D:1:      saegor_arrival_simple_d, layout_loops_cross, minmay_misc_feat_cross
D:2:      layout_loops_ring, ebering_ecumenical_altar_mist
D:3:      kennysheep_slugbush, layout_rooms, serial_forest,
          infiniplex_forest_zigzag_1, infiniplex_forest_clump_double,
          infiniplex_forest_lined_2, infiniplex_forest_lined_2,
          infiniplex_forest_lined_3, infiniplex_forest_straight_1,
          infiniplex_forest_clump_diagonal, minmay_goblin_outpost
D:4:      layout_loops_cross, serial_bayou_lake_a
D:5:      layout_basic, gammafunk_ghost_stat_death, uniq_grinder
D:6:      layout_loops_corners, kennysheep_okawaru_gauntlet
D:7:      layout_loops_ring, chequers_temple_overflow_minitemple,
          minmay_temple_entry_grid, serial_shops, shop, grunt_decor_cap
D:8:      layout_rooms, mainiacjoe_overflow_surrounded_room,
          nicolae_sif_muna_condensation, uniq_gastronok, uniq_erica
D:9:      wad_woods_stonehenge, layout_loops_corners,
          mainiacjoe_overflow_concentric_impassable
D:10:     layout_basic, mainiacjoe_overflow_alcove_1
D:11:     layout_gridville, orc_0_dummy, moated_statue, serial_park_tiny_2,
          david_defended_altar_orc
D:12:     layout_gridville, serial_shops, nicolae_diamond_shop, uniq_sonja,
          uniq_rupert
Lair:1:   layout_regular_city, uniq_fannar, uniq_amaemon, uniq_harold
Lair:2:   layout_regular_city, palyth_hydra_swamp_entry,
          minmay_snake_entry_six_corridors
Lair:3:   layout_cave_pods, nicolae_lair_lil_pond, grunt_megastairs_2,
          serial_bayou_shore_a
Lair:4:   layout_layer_cave, slime_entry_1
Lair:5:   evil_forest, layout_loops_ring, uniq_snorg
Swamp:1:  layout_basic_swamp, evilmike_swamp_ruin_house_2, swamp_pool2
Swamp:2:  layout_falls_marsh, ebering_ghost_inner_flame,
          hangedman_swamp_ruin_hall
Swamp:3:  layout_falls_marsh, portal_ice_cave_entry_pillars_1,
          nicolae_swamp_trees_clearing
Orc:1:    layout_diamond_mine, hellmonk_bongcloud_opening,
          nicolae_orc_stony_grotto
Orc:2:    st_orc_rangers, layout_caves, serial_shops, shop, uniq_erolcha

Skill      XL: |  1  2  3  4  5  6  7  8  9 10 11 12 13 14 15 |
---------------+----------------------------------------------+-----
Fighting       | 1 2 3 4 5 6 7 8 9 10 | 10.8
Spellcasting   | 2 3 4 5 |  5.0
Unarmed Combat | 3 4 5 7 8 9 11 12 13 15 | 15.3
Dodging        | 2 3 4 5 6 7 8 9 10 11 | 11.0
Transmutations | 2 3 5 6 8 10 11 12 | 12.2
Armour         | 1 2 3 |  3.0
Throwing       | 3 5 6 |  6.0
Ice Magic      | 2 3 |  3.8
Earth Magic    | 2 |  2.5

Action                   |  1- 3 |  4- 6 |  7- 9 | 10-12 | 13-15 || total
-------------------------+-------+-------+-------+-------+-------++-------
Melee: Unarmed           |    94 |    98 |   199 |   599 |   835 ||  1825
       Headbutt          |    11 |     8 |    36 |    56 |       ||   111
       Kick              |    13 |    21 |    62 |   182 |   272 ||   550
       Punch             |       |     1 |    15 |    39 |    74 ||   129
Throw: Dart              |    17 |    19 |    53 |    74 |    47 ||   210
       Javelin           |     3 |     4 |    13 |    16 |     7 ||    43
       Throwing net      |     1 |       |       |     2 |     2 ||     5
 Cast: Beastly Appendage |    17 |    13 |    27 |    30 |       ||    87
       Wereblood         |       |     1 |     4 |    38 |    76 ||   119
       Blade Hands       |       |       |       |    13 |    63 ||    76
       Ice Form          |       |       |       |     7 |    14 ||    21
 Abil: End Transformatio |       |       |       |     1 |       ||     1
Evoke: Wand              |       |       |     1 |    15 |     4 ||    20
  Use: Scroll            |       |     6 |     2 |    19 |     8 ||    35
       Potion            |       |     5 |     5 |     6 |     6 ||    22
 Stab: Sleeping          |     1 |     2 |     1 |     3 |       ||     7
       Distracted        |       |       |       |     1 |       ||     1
Armor: Robe              |    21 |    15 |       |       |       ||    36
       Skin              |       |     2 |       |    11 |    12 ||    25
       Ring mail         |       |     1 |    55 |   159 |   168 ||   383
Dodge: Dodged            |    63 |    60 |   128 |   596 |   842 ||  1689
Block: Other             |       |       |       |    36 |   201 ||   237
       Reflection        |       |       |       |       |    36 ||    36
